Map: Proxima Station LE

Players

liquidthermy (uThermal) - Winner!

  • Race: Terran Terran
  • League: Master
  • Spawn Location: 7:00

LiquidTLO (TLO)

  • Race: Zerg Zerg
  • League: Master
  • Spawn Location: 1:00

Event: HomeStory Cup XV

VOD

Have the link to the VOD?

Description

Time

  • Played on: July 22, 2017, 5:08 p.m.
  • Length: 12:47

All games in this series

Show
View Real Time Build Order
Export as new Build Order

liquidthermy Terran - Winner!

Build Orders: Reaper Expand, MMM Bio 

Get SALT Encoding   

  12  0:01  SCV  
  13  0:13  SCV  
  14  0:18  Supply Depot  
  14  0:25  SCV  
  15  0:29  Refinery  
  15  0:40  SCV  
  16  0:44  Barracks  
  16  0:52  SCV  
  17  1:04  SCV  
  18  1:16  SCV  
  19  1:31  Orbital Command, Reaper  
  20  1:43  Command Center  
  20  1:54  Factory  
  20  1:58  SCV  
  21  2:06  Barracks Reactor  
  21  2:10  SCV  
  21  2:14  Refinery  
  22  2:16  Supply Depot  
  22  2:22  SCV  
  23  2:38  SCV  
  24  2:47  Starport  
  24  2:49  Hellion x2  
  24  2:51  SCV  
  29  2:54  Marine  
  29  2:56  Orbital Command  
  30  3:03  SCV  
  31  3:09  Widow Mine x2  
  31  3:12  Marine  
  36  3:15  SCV  
  37  3:22  SCV  
  37  3:23  Medivac  
  40  3:27  SCV  
  40  3:30  Supply Depot  
  41  3:39  Hellion x2, Barracks Tech Lab  
  45  3:41  SCV  
  46  3:50  Supply Depot  
  46  3:52  SCV  
  46  3:53  SCV  
  48  4:04  SCV  
  48  4:08  SCV  
  48  4:09  Supply Depot  
  51  4:16  SCV  
  51  4:20  SCV  
  51  4:23  Siege Tank, Marine x2  
  57  4:29  SCV, Supply Depot  
  58  4:32  Command Center  
  58  4:34  SCV  
  59  4:41  SCV  
  59  4:44  Marine  
  61  4:46  SCV  
  61  4:48  Engineering Bay  
  61  4:49  Engineering Bay  
  62  4:53  SCV  
  62  4:58  SCV  
  64  5:03  Refinery  
  64  5:04  Refinery  
  64  5:05  SCV  
  63  5:07  Factory Reactor  
  63  5:10  SCV  
  63  5:13  Barracks x2  
  63  5:14  Stimpack, Marine  
  64  5:18  SCV  
  66  5:22  SCV, Terran Infantry Weapons Level 1  
  66  5:25  Terran Infantry Armor Level 1  
  67  5:31  SCV  
  67  5:34  SCV  
  69  5:38  Marine  
  69  5:41  Starport Reactor  
  69  5:42  Supply Depot  
  70  5:43  SCV  
  70  5:45  Orbital Command  
  70  5:46  SCV  
  72  5:54  Barracks  
  72  5:55  SCV, Barracks, Marine  
  74  6:03  Marine, Factory Reactor, SCV  
  75  6:04  Marine  
  75  6:11  SCV x2  
  73  6:12  Marine x2  
  73  6:13  Marine  
  73  6:15  SCV  
  78  6:21  Marine  
  78  6:23  SCV  
  78  6:24  Medivac x2  
  78  6:25  Marine, SCV, Armory  
  85  6:32  Supply Depot  
  86  6:34  SCV, Supply Depot  
  86  6:35  Marine, SCV  
  86  6:39  Marine x2, SCV  
  92  6:43  Barracks Reactor  
  92  6:44  Barracks Reactor  
  92  6:46  SCV  
  93  6:47  Marine x2  
  95  6:54  Marine, Supply Depot  
  95  6:55  Widow Mine x2  
  95  6:57  Supply Depot  
  100  7:05  Marine, Barracks x2  
  100  7:07  Marine x2  
  100  7:08  Marine, Barracks  
  104  7:11  Medivac  
  106  7:16  Marine  
  106  7:19  Combat Shields, Supply Depot  
  106  7:20  Supply Depot  
  106  7:22  Marine  
  108  7:25  Marine x2, Widow Mine x2  
  108  7:27  Terran Infantry Weapons Level 2  
  114  7:31  Terran Infantry Armor Level 2  
  114  7:33  Marine x2  
  114  7:34  Marine  
  114  7:36  Marine x2  
  119  7:40  Medivac  
  119  7:41  Medivac  
  119  7:43  Marine, Supply Depot  
  124  7:50  Marine  
  124  7:51  Marauder  
  125  7:54  Barracks Tech Lab x2  
  125  7:56  Barracks Tech Lab, Widow Mine  
  125  7:57  Marine x2, Widow Mine  
  128  8:01  Marine x2  
  128  8:04  Marine  
  131  8:05  Supply Depot  
  131  8:06  Marine x2  
  131  8:12  Marauder  
  133  8:15  Medivac x2  
  133  8:16  Marauder, Marine x3  
  133  8:19  Marine  
  139  8:20  Marauder  
  139  8:24  Marine  
  139  8:25  Marauder, Marine  
  146  8:28  Supply Depot x2  
  146  8:31  Marine  
  146  8:33  Marauder  
  149  8:35  Widow Mine x2  
  149  8:37  Marine x2  
  149  8:38  Marauder, Concussive Shells  
  149  8:39  Missile Turret  
  149  8:40  Marine  
  150  8:48  Marine  
  150  8:49  Marauder  
  150  8:50  Marine x2  
  150  8:51  Marauder  
  153  8:59  Marine x3  
  153  9:00  Marine x2  
  153  9:01  Marine  
  153  9:02  Marine  
  146  9:03  Widow Mine x2  
  148  9:12  Marauder, Marine  
  148  9:13  Marine  
  148  9:14  Marauder, Marine  
  155  9:21  Marine  
  155  9:22  Marauder, Supply Depot  
  155  9:23  Supply Depot  
  119  9:32  Widow Mine  
  119  9:34  Marine x3  
  119  9:35  Marine  
  119  9:37  Marine x2  
  119  9:38  Marine x2  
  117  9:39  Widow Mine  
  111  9:45  Marine  
  111  9:46  Marauder, Marine x2  
  111  9:47  Terran Infantry Weapons Level 3  
  111  9:49  Terran Infantry Armor Level 3  
  111  9:51  Marine  
  117  9:53  Marine  
  117  9:55  Marine  
  117  9:56  Marauder, Marine x2  
  117  9:57  Marine  
  124  10:05  Marine  
  124  10:06  Marauder  
  127  10:09  Marine  
  127  10:13  Widow Mine x2  
  130  10:14  Marine x3  
  130  10:15  Marauder  
  130  10:21  Marine x3  
  135  10:22  Marauder  
  138  10:30  Marine x2  
  138  10:31  Marauder  
  138  10:32  Marine  
  143  10:36  Marine  
  143  10:42  Widow Mine  
  140  10:52  Marine  
  140  10:53  Marauder  
  140  10:54  Marine  
  140  10:55  Marauder  
  146  10:57  Marauder, Marine, Medivac  
  146  11:02  Marine x3  
  146  11:03  Marauder  
  156  11:04  Marine x2  
  158  11:11  Marine  
  158  11:12  Marine  
  158  11:14  Marauder, Widow Mine  
  158  11:15  Marine, Missile Turret  
  158  11:16  Marauder  
  158  11:18  Command Center  
  167  11:24  Marine x2  
  167  11:25  Marauder  
  168  11:26  Marine  
  168  11:27  Marauder  
  168  11:28  Medivac  
  168  11:31  Marine x2, Widow Mine  
  171  11:34  Marine x2  
  173  11:41  Medivac  
  173  11:43  Marauder, Widow Mine  
  173  11:44  Marine  
  173  11:46  Marine  
  181  11:48  Marine  
  182  11:59  Marauder, Marine x2  
  182  12:00  Marauder  
  188  12:04  Marine x2, Widow Mine  
  188  12:05  Marauder  
  183  12:09  Medivac  
  183  12:14  Marine  
  183  12:15  Marauder, Marine x2  
Show
View Real Time Build Order
Export as new Build Order

LiquidTLO Zerg 

Build Orders: Hatch First, Muta Ling Bane 

Get SALT Encoding   

  12  0:00  Drone  
  13  0:13  Overlord  
  13  0:18  Drone  
  14  0:31  Drone x2  
  14  0:35  Drone  
  17  0:53  Hatchery  
  17  0:55  Drone  
  17  0:59  Drone  
  18  1:12  Spawning Pool  
  18  1:15  Drone  
  18  1:18  Drone  
  19  1:28  Drone  
  20  1:39  Overlord  
  20  1:42  Extractor  
  19  2:00  Queen, Zergling x2  
  19  2:01  Zergling x2  
  23  2:04  Queen  
  23  2:05  Drone  
  26  2:11  Drone  
  27  2:19  Drone  
  27  2:22  Hatchery  
  27  2:26  Drone  
  28  2:36  Queen  
  30  2:38  Drone  
  30  2:40  Drone  
  30  2:43  Drone  
  32  2:50  Overlord  
  32  2:54  Metabolic Boost  
  32  2:59  Drone x2  
  32  3:05  Zergling x2  
  35  3:11  Drone  
  36  3:15  Queen  
  36  3:16  Overlord  
  36  3:18  Drone  
  39  3:21  Drone  
  39  3:25  Overlord  
  40  3:28  Drone  
  40  3:33  Queen  
  43  3:37  Drone x2  
  45  3:42  Drone  
  45  3:43  Drone x2  
  45  3:47  Drone  
  49  3:49  Drone  
  49  3:50  Zergling x2  
  49  3:54  Zergling x4  
  53  3:56  Drone x2  
  53  3:58  Drone  
  53  4:00  Drone  
  57  4:09  Overlord  
  57  4:10  Baneling Nest  
  57  4:16  Overlord  
  56  4:19  Zergling x2  
  56  4:20  Overlord  
  57  4:26  Spore Crawler  
  57  4:27  Spore Crawler x2  
  57  4:28  Zergling x4  
  57  4:29  Zergling x2  
  57  4:38  Drone x3  
  59  4:39  Drone x2  
  59  4:40  Drone x2  
  59  4:42  Drone  
  59  4:43  Drone  
  66  4:45  Zergling x2  
  66  4:47  Zergling x2, Drone  
  66  4:49  Drone  
  66  4:50  Evolution Chamber  
  66  4:51  Drone  
  66  4:52  Drone  
  70  4:55  Drone x2  
  70  4:56  Drone  
  70  4:59  Drone  
  74  5:00  Zergling x2  
  74  5:02  Drone  
  74  5:04  Drone  
  77  5:10  Evolution Chamber  
  77  5:11  Drone  
  77  5:17  Extractor  
  77  5:18  Drone x2  
  77  5:19  Drone  
  79  5:21  Extractor x2  
  79  5:22  Zergling x2  
  79  5:24  Hatchery, Zergling x2  
  79  5:25  Zergling x2  
  79  5:26  Zergling x2  
  79  5:27  Zergling x2  
  79  5:28  Zergling x2  
  81  5:29  Zergling x2  
  81  5:35  Drone  
  73  5:36  Drone x2  
  73  5:37  Drone  
  73  5:38  Drone  
  73  5:40  Lair  
  78  5:42  Drone  
  78  5:46  Drone  
  78  5:48  Drone  
  78  5:49  Drone x2  
  82  5:52  Zerg Ground Armor Level 1, Zerg Melee Weapons Level 1  
  82  5:54  Overlord  
  82  5:59  Overlord  
  82  6:03  Extractor x2  
  80  6:04  Drone  
  80  6:05  Drone  
  80  6:10  Zergling x4  
  81  6:11  Zergling x2  
  81  6:15  Zergling x2  
  81  6:16  Drone  
  81  6:17  Zergling x2  
  83  6:19  Zergling x2  
  83  6:20  Drone  
  83  6:21  Zergling x2  
  83  6:22  Drone  
  83  6:23  Zergling x2, Drone x4  
  92  6:26  Zergling x4  
  92  6:30  Pneumatized Carapace  
  94  6:34  Drone  
  94  6:35  Drone  
  94  6:36  Queen  
  98  6:46  Drone x2  
  100  6:49  Centrifical Hooks  
  100  6:50  Drone x2  
  100  6:51  Spire, Drone  
  100  6:52  Zergling x2  
  103  6:58  Overlord x3  
  103  7:08  Overlord  
  103  7:15  Zergling x2  
  104  7:17  Zergling x2  
  104  7:18  Zergling x4  
  104  7:22  Overseer  
  107  7:26  Zergling x2  
  107  7:28  Zergling x2  
  107  7:29  Spore Crawler  
  108  7:33  Baneling x4  
  108  7:34  Zergling x2  
  108  7:36  Zergling x2  
  110  7:38  Zergling x4  
  110  7:40  Burrow  
  110  7:44  Zergling x4  
  113  7:45  Zergling x4  
  113  7:49  Zergling x2  
  109  7:51  Zergling x2  
  109  7:52  Zergling x4  
  109  7:54  Drone  
  109  7:55  Drone x2  
  114  8:04  Mutalisk x10  
  134  8:08  Zerg Ground Armor Level 2  
  134  8:11  Zerg Melee Weapons Level 2  
  132  8:14  Overlord  
  132  8:16  Overlord  
  132  8:20  Zerg Flyer Weapons Level 1  
  132  8:21  Zergling x2  
  132  8:22  Zergling x6  
  132  8:26  Baneling x5  
  136  8:28  Overlord  
  136  8:33  Zergling x4  
  138  8:35  Zergling x4  
  138  8:36  Baneling x3  
  138  8:38  Zergling x2  
  138  8:40  Zergling x4  
  143  8:45  Zergling x22  
  151  8:51  Zergling x4  
  151  8:52  Zergling x6  
  151  8:53  Zergling x2  
  151  8:54  Zergling x4  
  145  8:56  Zergling x2  
  145  8:57  Zergling x2  
  145  8:59  Zergling x2  
  145  9:02  Zergling x4  
  139  9:04  Baneling x7  
  139  9:05  Baneling x10  
  139  9:07  Zergling x6  
  139  9:09  Overseer, Zergling x2  
  140  9:13  Zergling x4  
  140  9:14  Zergling x4  
  140  9:16  Baneling  
  144  9:17  Baneling x4  
  144  9:27  Zergling x2  
  144  9:29  Zergling x6  
  144  9:30  Zergling x4  
  127  9:32  Zergling x4  
  127  9:34  Zergling x4  
  127  9:35  Zergling x4  
  127  9:36  Zergling x2  
  127  9:37  Zergling x2  
  131  9:41  Zergling x4  
  131  9:42  Zergling x2  
  131  9:43  Mutalisk x2  
  128  9:46  Zergling x4  
  128  9:49  Mutalisk  
  128  9:52  Mutalisk, Baneling x11  
  130  9:56  Infestation Pit  
  131  10:01  Mutalisk  
  131  10:03  Baneling  
  131  10:05  Zergling x2  
  131  10:06  Zergling x4  
  133  10:08  Zergling x2  
  133  10:09  Zergling x2  
  133  10:10  Zergling x2  
  133  10:11  Zergling x4  
  133  10:12  Zergling x2  
  134  10:15  Zergling x2  
  134  10:18  Zergling x2  
  134  10:19  Zergling x2  
  134  10:23  Zergling x2  
  134  10:27  Zergling x2  
  134  10:28  Baneling x5  
  134  10:29  Baneling x4, Drone  
  134  10:31  Extractor  
  134  10:32  Zergling x4  
  134  10:33  Zergling x2  
  134  10:34  Baneling  
  134  10:35  Baneling x8, Zergling x2  
  138  10:38  Zergling x2  
  138  10:39  Zergling x2  
  138  10:40  Zergling x2  
  138  10:42  Zergling x4  
  142  10:43  Baneling x3  
  142  10:45  Hatchery  
  142  10:47  Zergling x2  
  142  10:48  Zergling x2  
  137  10:52  Zergling x2  
  137  10:53  Zergling x6  
  137  10:54  Zergling x2  
  137  10:55  Zergling x2  
  137  10:56  Zergling x4  
  143  10:58  Zergling x4  
  143  11:01  Zergling x2  
  143  11:08  Baneling x4  
  143  11:09  Overlord x4  
  143  11:10  Overlord  
  143  11:19  Overlord  
  143  11:21  Zergling x2, Overlord  
  139  11:26  Zergling x2  
  137  11:33  Zergling x26  
  137  11:37  Zergling x2  
  137  11:38  Zergling x4  
  153  11:41  Baneling x7  
  153  11:43  Mutalisk  
  153  11:44  Zergling x2  
  153  11:46  Overseer  
  156  11:49  Mutalisk  
  156  11:52  Baneling x5  
  158  11:56  Mutalisk x2  
  158  12:01  Mutalisk  
  158  12:02  Mutalisk x2  
  158  12:05  Zergling x2  
  158  12:07  Zergling x4  
  158  12:08  Zergling x2  
  159  12:09  Zergling x2  
  159  12:12  Zergling x2  
  159  12:13  Zergling x2  
  159  12:15  Zergling x4  
  157  12:16  Baneling x6  
  157  12:17  Zergling x2  
  157  12:20  Zergling x2  
  157  12:21  Zergling x4  
  157  12:22  Zergling x2  
  157  12:24  Baneling x3  
  157  12:25  Zergling x2  
  157  12:26  Zergling x2  
  157  12:27  Zergling x2  
  157  12:29  Zergling x2  
  141  12:33  Baneling x4  
Tags
 
Add a new tag
Caveats
  • Supply blocks, unpowered buildings, or Contaminate may cause inaccurate times.
  • Supply counts are checked every 10 seconds.